 Dungeon Crawl Stone Soup version 0.28-a0-983-g1de4e0787c (webtiles) character file.

Game seed: 4862969846674773229

168 Lavandula the Poker (level 5, -4/36 HPs)
             Began as an Octopode Chaos Knight on Dec 3, 2021.
             Was a Plaything of Xom.
             Slain by an orc (6 damage)
             ... on level 3 of the Dungeon.
             The game lasted 00:05:20 (3141 turns).

Lavandula the Poker (Octopode Chaos Knight)         Turns: 3141, Time: 00:05:21

Health: -4/36      AC:  1    Str: 14    XL:     5   Next: 48%
Magic:  5/5        EV: 13    Int: 14    God:    Xom [....*.]
Gold:   106        SH:  0    Dex: 11    Spells: 4/4 levels left

rFire   . . .      SeeInvis .   a - +0 spear (chaos)
rCold   . . .      Faith    .   (no shield)
rNeg    . . .      Spirit   .   (helmet restricted)
rPois   .          Reflect  .   (no amulet)
rElec   .          Harm     .   (no ring)
rCorr   .          Rampage  .   (no ring)
Will    .....                   (no ring)
Stlth   ++........              (no ring)
HPRegen 0.12/turn               (no ring)
MPRegen 0.09/turn               (no ring)
                                (no ring)
                                (no ring)

@: flying
A: almost no armour, amphibious, 8 rings, camouflage 1, gelatinous body 1,
(nimble swimmer 1), tentacles
a: Renounce Religion


You were on level 3 of the Dungeon.
You worshipped Xom.
You were a beloved toy of Xom.
You visited 1 branch of the dungeon, and saw 3 of its levels.

You collected 106 gold pieces.

Inventory:

Hand Weapons
 a - a +0 spear of chaos (weapon)
Wands
 f - a wand of iceblast (14)
 i - a wand of acid (6)
Scrolls
 d - a scroll of identify {unknown}
 e - a scroll of teleportation {unknown}
 g - a scroll of enchant weapon {unknown}
 h - a scroll of noise {unknown}
Potions
 c - a potion of curing {unknown}


   Skills:
 - Level 3.0 Fighting
 + Level 6.0 Polearms
 - Level 2.3 Dodging


You had 4 spell levels left.
You didn't know any spells.
Your spell library contained the following spells:

 Spells                   Type           Power      Damage    Failure   Level
 Foxfire                  Conj/Fire      0%         2x1d4     28%         1
 Conjure Flame            Conj/Fire      0%         6-21      65%         3
 Inner Flame              Hex/Fire       0%         N/A       65%         3
 Portal Projectile        Hex/Tloc       0%         N/A       65%         3
 Flame Wave               Conj/Fire      0%         2d4       96%         4
 Blade Hands              Tmut           0%         N/A       100%        5
 Excruciating Wounds      Necr           0%         N/A       100%        5


Dungeon Overview and Level Annotations

Branches:
Dungeon (3/15)

Altars:

Shops:
D:1 :   D:2 (

Annotations:
Abyss:1 Jessica


Innate Abilities, Weirdness & Mutations

You cannot wear most types of armour.
You are amphibious.
You can wear up to eight rings at the same time.
Your skin changes colour to match your surroundings (Stealth+).
Your rubbery body absorbs attacks. (AC +1, EV +1)
((You are camouflaged near water. (Stealth+)))
You have tentacles for arms and can constrict up to eight enemies at once.


Message History

The orc is heavily wounded.
You constrict the orc. Something hits you. The orc closely misses you.
Unknown command.
You hit the orc. Your squeeze misses the orc.
The orc is severely wounded.
You constrict the orc. The orc misses you. Something hits you.
The orc hits you with a +0 war axe.
You release your grip on the orc.
You closely miss the orc. Your grab misses the orc.
The orc is almost dead.
The orc closely misses you.
You hit the orc.
You kill the orc!
Something completely misses you.
Things that are here:
a +0 club; an orc corpse You completely miss something.
Something hits you!
Reach: a) +0 spear (chaos)
Press: ? - help, Dir - move target, f - orc
Aim: an orc, wielding a +0 war axe (about 37% to evade your +0 spear of chaos)
You reach to attack!
You hit the orc. You burn the orc.
You kill the orc!
Something hits you.
Unknown command.
Unknown command.
You hit something.
Nothing appears to happen.
Something hits you.
You miss something. Something barely misses you.
You miss something. Something hits you. Something barely misses you.
Unknown command.
You closely miss something. Something hits you.
* * * LOW HITPOINT WARNING * * *
Unknown command.
Unknown command.
You closely miss something. Something hits you.
* * * LOW HITPOINT WARNING * * *
Unknown command.
It was a potion of flight.
You feel very buoyant.
You fly up into the air.
Something hits you.
You die...

#.......#.#....... #...)...#
....... #.......# ......
........# #.#..# #########
...#.##..##.#..# #........ #..#.#
#....#..# #........
...#.###.......## #........
##..>.##...#.#..####........
..#.#.##...#.##.@.)#........
..#.#.##......####.......... ##
.......##.##........#..#.### #.
..........##.#........#..# #.....
###..........#.....#..#.#....####
..........##............#.#
...........#.#...........
.............#.#...........
..........#....#....###.<.. #####


There were no monsters in sight!

Vanquished Creatures
  An orc wizard (D:3)
  Robin (D:3)
  An adder (D:2)
  2 worms (D:2)
  3 dart slugs
  5 orcs (D:3)
  3 bats (D:1)
  2 endoplasms (D:2)
  4 giant cockroaches
  13 goblins
  10 hobgoblins
  4 jackals (D:3)
  8 ball pythons
  4 frilled lizards
  6 kobolds
  6 rats
73 creatures vanquished.

Vanquished Creatures (others)
  9 fungi (D:3)
9 creatures vanquished.

Grand Total: 82 creatures vanquished

Notes
Turn   | Place    | Note
-------+----------+-------------------------------------------
     0 | D:1      | Lavandula the Octopode Chaos Knight began the quest for the
                  | Orb.
     0 | D:1      | Reached XP level 1. HP: 16/16 MP: 1/1
    55 | D:1      | Found Umyang's Book Boutique.
   175 | D:1      | XOM: silly message
   177 | D:1      | XOM: divination: detect items
   192 | D:1      | Reached XP level 2. HP: 21/21 MP: 2/2
   387 | D:1      | Reached skill level 4 in Polearms
   509 | D:1      | Reached XP level 3. HP: 26/26 MP: 3/3
   748 | D:1      | XOM: silly message
  1339 | D:2      | Found Ogru's Antique Weapon Shop.
  1353 | D:2      | Found a faded altar of an unknown god.
  1629 | D:2      | Reached XP level 4. HP: 13/31 MP: 4/4
  1732 | D:2      | XOM: god gift: scroll labelled CAONAPP SOLUYW {god gift}
  2124 | D:3      | Reached skill level 5 in Polearms
  2135 | D:3      | XOM: 1-stop teleportation journey
  2200 | D:2      | XOM: god gift: wooden wand {god gift}
  2207 | D:2      | XOM: god gift: 50 gold pieces
  2730 | D:3      | Noticed Robin
  2744 | D:3      | Reached XP level 5. HP: 24/36 MP: 5/5
  2749 | D:3      | Killed Robin
  2924 | D:3      | XOM: 5-stop teleportation journey
  2980 | D:3      | Noticed Jessica
  2982 | D:3      | Banished Jessica
  3009 | D:3      | Reached skill level 6 in Polearms
  3141 | D:3      | Slain by an orc

Illustrated notes

Levels and vault maps discovered:
D:1:      psy_arrival_radial02, layout_basic, serial_shops, shop
D:2:      layout_loops_cross, ebering_ecumenical_altar_ruins, serial_shops,
          nicolae_shop_hallway_stairs, minmay_hedge_maze, minivault_11
D:3:      layout_rooms, mainiacjoe_overflow_alcove_4, uniq_jessica, uniq_robin

Skill      XL: |  1  2  3  4  5 |
---------------+----------------+-----
Polearms       | 4 5 6 |  6.0
Fighting       | |  3.0
Dodging        | |  2.3

Action                   |  1- 3 |  4- 6 || total
-------------------------+-------+-------++-------
Melee: Spear             |    87 |    95 ||   182
       Constrict         |    15 |    14 ||    29
       Tentacles         |    10 |    15 ||    25
  Use: Potion            |       |     1 ||     1
 Stab: Sleeping          |    10 |     1 ||    11
Armor: Skin              |     7 |     1 ||     8
Dodge: Dodged            |    25 |    40 ||    65

Table legend: (Time is in decaauts)
 A = Elapsed time spent in this place.
 B = Non-inter-level travel time spent in this place.
 C = Inter-level travel time spent in this place.
 D = Time resting spent in this place.
 E = Time spent auto-exploring this place.
 F = Levels seen in this place.
 G = Mean time per level.
                   A        B        C        D        E       F      G
               +--------+--------+--------+--------+--------+-----+--------+
         Total |   3118 |   3076 |     42 |    705 |   1950 |   3 | 1039.3 |
       Dungeon |   3118 |   3076 |     42 |    705 |   1950 |   3 | 1039.3 |
               +--------+--------+--------+--------+--------+-----+--------+

Top non-repeatable levels by time:
     D:2: 1477 daAuts
     D:1: 1079 daAuts
     D:3: 561 daAuts
